 Dungeon Crawl Stone Soup version 0.30-a0-297-g0ec75d9ef4 (webtiles) character file.

Game seed: 9405581625467315057

142941 freelancePsychic the Severer (level 17, -1/124 (140) HPs)
             Began as a Human Wanderer on Oct 19, 2022.
             Was the Champion of Ru.
             Succumbed to a hornet's poison
             ... on level 1 of the Swamp.
             The game lasted 00:48:06 (29069 turns).

freelancePsychic the Severer (Human Wanderer)      Turns: 29069, Time: 00:48:06

HP:   -1/124 (140)  AC: 29    Str: 22    XL:     17   Next: 98%
MP:   12/17         EV: 10    Int: 12    God:    Ru [******]
Gold: 2310          SH: 23    Dex: 10    Spells: 16/16 levels left

rFire   . . .      SeeInvis .    a - +9 broad axe (elec)
rCold   . . .      Faith    .    f - +2 tower shield {rC+}
rNeg    . . .      Spirit   .    T - +8 chain mail of a wizard's laboratory {Rampage}
rPois   .          Reflect  +    M - +2 helmet
rElec   .          Harm     .    V - +1 cloak {Stlth+}
rCorr   .          Rampage  ∞    s - +0 pair of gloves
Will    ++...                    v - +3 pair of seven-league boots {Rampage+∞}
Stlth   ..........               N - amulet "Xashos" {Reflect Will+ SH+5}
HPRegen 0.40/turn                o - +4 ring of evasion
MPRegen 0.15/turn                t - ring of Loafieli {+Blink rF+ Int+3 Dex-5}

@: lethally poisoned (-1 -> -5), exhausted, heavily drained
A: no stealth, inability to use devices, hated by all, no conjurations magic, no
hexes magic, no poison magic, temperature sensitive
a: Renounce Religion, Draw Out Power, Power Leap, Apocalypse


You were on level 1 of the Swamp.
You worshipped Ru.
Ru was exalted by your worship.
You visited 4 branches of the dungeon, and saw 23 of its levels.
You also visited: Bailey, Gauntlet and Ice Cave.

You collected 3236 gold pieces.
You spent 926 gold pieces at shops.

Inventory:

Hand Weapons
 a - a +9 broad axe of electrocution (weapon)
 u - the +8 whip of Diet Blood {flame, rF+ Str-3 Dex+4 SInv}
   (You found it on level 2 of the Dungeon)

   It burns those it strikes, dealing additional fire damage.
   Str:       It affects your strength (-3).
   Dex:       It affects your dexterity (+4).
   rF:        It protects you from fire.
   SInv:      It lets you see invisible.
Missiles
 m - 5 javelins
 x - a curare-tipped dart
 z - 21 poisoned darts
 C - 10 boomerangs (quivered)
 O - 2 silver javelins
 X - 6 datura-tipped darts
Armour
 f - a +2 tower shield of cold resistance (worn)
 s - a +0 pair of gloves (worn)
 v - the +3 pair of seven-league boots (worn) {Rampage+∞}
   (You acquired it on level 11 of the Dungeon)

   Its wearer moves as far as possible in that direction when moving towards
   enemies.
 M - a +2 helmet (worn)
 T - the +8 chain mail of a wizard's laboratory (worn) {Rampage}
   (You acquired it in a bailey)

   Rampage:   It bestows one free step when moving towards enemies.
 V - a +1 cloak of stealth (worn)
Jewellery
 b - a ring of flight
 e - a +4 ring of protection
 o - a +4 ring of evasion (left hand)
 p - an amulet of magic regeneration
 t - the ring of Loafieli (right hand) {+Blink rF+ Int+3 Dex-5}
   (You found it on level 7 of the Dungeon)

   [ring of protection from fire]

   Int:       It affects your intelligence (+3).
   Dex:       It affects your dexterity (-5).
   rF:        It protects you from fire.
   +Blink:    It lets you blink.
 w - a ring of fire
 K - an amulet of faith
 N - the amulet "Xashos" (around neck) {Reflect Will+ SH+5}
   (You found it in a Gauntlet)

   [amulet of reflection]

   It reflects blocked missile attacks.
   SH:        It affects your SH (+5).
   Will:      It increases your willpower.
 S - a +6 ring of strength
 U - a ring of protection from cold
 Y - a +4 ring of protection
Scrolls
 d - 3 scrolls of silence
 g - 4 scrolls of magic mapping
 h - 8 scrolls of amnesia
 k - 2 scrolls of fog
 r - 5 scrolls of vulnerability
 y - 3 scrolls of immolation
 A - a scroll of fear
 E - 4 scrolls of blinking
 F - 2 scrolls of teleportation {@r4}
 L - 8 scrolls of identify {@r1}
 W - a scroll of enchant weapon
 Z - a scroll of brand weapon
Potions
 c - a potion of invisibility
 i - 5 potions of might
 j - a potion of lignification
 l - a potion of cancellation
 n - 4 potions of attraction
 q - 5 potions of curing {@q1}
 B - 2 potions of ambrosia
 D - 3 potions of brilliance
 G - 2 potions of resistance
 I - 6 potions of flight
 J - 3 potions of magic
 P - 5 potions of heal wounds {@q2}
 Q - 7 potions of haste {@q3}
 R - 2 potions of mutation


   Skills:
 + Level 14.6 Fighting
 - Level 16.7(18.0) Axes
 - Level 11.3(15.3) Maces & Flails
 - Level 7.9 Throwing
 + Level 6.5 Armour
 - Level 1.0 Dodging
 * Level 12.5 Shields
   Level 0.0 Evocations


You had 16 spell levels left.
You didn't know any spells.
Your spell library contained the following spells:

 Spells                   Type           Power      Damage    Failure   Level
 Beastly Appendage        Tmut           0%         N/A       100%        1
 Freeze                   Ice            0%         1d3       100%        1
 Sandblast                Erth           0%         2d4       100%        1
 Blink                    Tloc           0%         N/A       100%        2
 Passwall                 Tmut/Erth      0%         N/A       100%        2
 Wereblood                Tmut           0%         N/A       100%        2
 Lesser Beckoning         Tloc           0%         N/A       100%        3
 Vampiric Draining        Necr           0%         2d6       100%        3
 Ice Form                 Ice/Tmut       0%         N/A       100%        4
 Manifold Assault         Tloc           0%         N/A       100%        4
 Blade Hands              Tmut           0%         N/A       100%        5
 Ozocubu's Refrigeration  Ice            0%         4d7       100%        7
 Storm Form               Tmut/Air       0%         N/A       100%        7
 Polar Vortex             Ice            0%         N/A       100%        9
 Slow                     Hex            Unusable   N/A       N/A         1
 Ensorcelled Hibernation  Hex/Ice        Unusable   N/A       N/A         2
 Momentum Strike          Conj/Tloc      Unusable   3d8       N/A         2
 Confusing Touch          Hex            Unusable   N/A       N/A         3
 Hailstorm                Conj/Ice       Unusable   3d3       N/A         3
 Inner Flame              Hex/Fire       Unusable   N/A       N/A         3
 Portal Projectile        Hex/Tloc       Unusable   N/A       N/A         3
 Spider Form              Tmut/Pois      Unusable   N/A       N/A         3
 Stone Arrow              Conj/Erth      Unusable   3d7       N/A         3
 Tukima's Dance           Hex            Unusable   N/A       N/A         3
 Anguish                  Hex/Necr       Unusable   N/A       N/A         4
 Flame Wave               Conj/Fire      Unusable   2d4       N/A         4
 Sticky Flame             Conj/Fire      Unusable   2d3       N/A         4
 Summon Ice Beast         Ice/Summ       Unusable   N/A       N/A         4
 Summon Mana Viper        Hex/Summ       Unusable   N/A       N/A         5
 Simulacrum               Ice/Necr       Unusable   N/A       N/A         6
 Monstrous Menagerie      Summ           Unusable   N/A       N/A         7

Dungeon Overview and Level Annotations

Branches:
Dungeon (15/15)            Temple (0/1) D:7            Lair (5/5) D:8
  Swamp (1/4) Lair:3       Spider (0/4) Lair:2        Slime (0/5) Lair:4
    Orc (2/2) D:10            Elf (0/3) Orc:2        Vaults (0/5) D:14
 Depths (0/4) D:15         Bailey (visited)           IceCv (visited)
Gauntlet (visited)

Altars:
Cheibriados
Dithmenos
Nemelex Xobeh
Qazlal
Ru
Sif Muna
Trog
Uskayaw
Xom
The Shining One
Lugonu

Shops:
D:6 *   D:8 (   D:9 =   Orc:2 :(*?

Portals:
Abyss: Lair:5
Pandemonium: Orc:2


Innate Abilities, Weirdness & Mutations

You cannot be stealthy.
You cannot study or use magical devices.
You are hated by all.
You cannot study or cast Conjurations magic.
You cannot study or cast Hexes magic.
You cannot study or cast Poison magic.
You are sensitive to extremes of temperature. (rF-, rC-)


Message History

Unknown command.
Unknown command.
Unknown command.
Unknown command.
Unknown command.
Unknown command.
Unknown command.
Unknown command.
Unknown command.
Unknown command.
Unknown command.
Unknown command.
Unknown command.
Unknown command.
Unknown command.
Unknown command.
Unknown command.
Unknown command.
Unknown command.
Unknown command.
Unknown command.
Unknown command.
Unknown command.
Unknown command.
Unknown command.
Unknown command.
Unknown command.
Unknown command.
Unknown command.
Unknown command.
Unknown command.
Unknown command.
Unknown command.
As you read the scroll of fear, it crumbles to dust.
You assume a fearsome visage.
The bunyip resists with some effort.
The spriggan rider resists with some effort.
The hornet looks frightened!
The spriggan rider looks frightened!
The eight-headed hydra looks frightened!
The tyrant leech looks frightened!
You die...

♣..~~~~♣~.~♣~~.♣
~..~~~§~~.~♣~~.~
~♣~§...~~.~§~♣
~~~~~~§.!..~~♣.
.~~~~.~~~~.~♣...
.~♣...)~.~$~..♣
.~~~~..ii.§♣♣.♣
♣.~....ywD~♣
♣♣~~~~.@x~.♣
♣.~~~..~..♣♣
♣♣.§.~~§~..♣♣.
♣♣...~~~~~...
♣♣..[~§~~§~.
♣.♣..~♣~~.~
♣..♣....~.♣
♣♣..♣..♣~~.♣
♣~~.♣...~.>.


You could see a bunyip, an eight-headed hydra (fleeing), a tyrant leech
(fleeing), 2 spriggan riders and a hornet (fleeing).

Vanquished Creatures
  Kirke (Lair:3)
  Frances (D:14)
  2 orc warlords
  Snorg (D:14)
  A fire dragon (D:11)
  3 ice dragons
  Erolcha (D:12)
  6 hydras
  A rakshasa (D:15)
  A death knight (D:15)
  2 catoblepae
  A demonspawn (Orc:2)
  5 centaur warriors
  4 two-headed ogres
  4 tengu warriors
  6 death yaks (Lair:5)
  2 alligators (Swamp:1)
  8 orc high priests (Orc:2)
  4 large abominations (Lair:5)
  3 thrashing horrors (Lair:5)
  A deep elf knight (D:14)
  A sun demon (Orc:2)
  A sixfirhy (Orc:2)
  4 skeletal warriors
  A bog body (Lair:3)
  A phantasmal warrior (D:15)
  7 orc knights
  2 deep elf zephyrmancers (D:14)
  6 orc sorcerers
  6 ugly things (D:14)
  2 deep elf pyromancers (D:15)
  4 manticores
  4 cyclopes
  12 elephants
  A worldbinder (Gauntlet)
  Joseph (D:8)
  5 black mambas
  2 ice statues (IceCv)
  2 smoke demons (Lair:5)
  A molten gargoyle (Lair:4)
  4 torpor snails
  4 kobold demonologists
  Maggie (D:8)
  Psyche (D:8)
  8 cane toads
  A minotaur zombie (Gauntlet)
  3 komodo dragons
  5 yaktaurs (D:14)
  4 rime drakes
  2 freezing wraiths
  6 ice devils (IceCv)
  An ancient zyme (Lair:5)
  A tengu conjurer (D:15)
  A tyrant leech (Swamp:1)
  6 meliai
  4 trolls
  2 hornets
  4 polar bears
  A tarantella (shapeshifter) (D:15)
  15 blink frogs
  9 slime creatures
  6 dream sheep
  2 spriggans
  13 flying skulls (Gauntlet)
  Sigmund (D:3)
  3 shadows
  4 ynoxinuls
  4 wraiths
  7 wyverns
  2 fire bats (Lair:4)
  43 yaks
  10 small abominations (Lair:5)
  A fire elemental (Lair:4)
  3 hogs (Lair:3)
  7 basilisks
  A redback (Lair:2)
  2 steam dragons
  13 vampire mosquitoes
  A neqoxec (Orc:2)
  2 chaos spawn (Lair:5)
  4 wargs (Orc:1)
  A harpy simulacrum (IceCv)
  4 acid dragons
  9 water moccasins
  5 swamp worms
  A hydra simulacrum (IceCv)
  Duvessa (D:7)
  48 orc warriors
  4 ice beasts
  3 black bears
  2 sky beasts
  23 wolves
  A boggart (Gauntlet)
  11 centaurs
  10 ogres
  A necrophage (D:5)
  3 kobold brigands
  7 bullfrogs
  3 gnoll sergeants
  A scorpion (D:4)
  2 cane toad simulacra (IceCv)
  3 two-headed ogre simulacra (IceCv)
  12 wights
  An elephant simulacrum (IceCv)
  19 killer bees
  4 electric eels
  4 howler monkeys
  16 orc priests
  3 jellies
  2 gnoll boudas (D:7)
  2 hounds
  4 iguanas
  14 orc wizards
  3 polar bear simulacra (IceCv)
  3 spriggan simulacra (IceCv)
  4 troll simulacra (IceCv)
  26 gnolls
  5 adders
  5 naga simulacra (IceCv)
  A shadow imp (Gauntlet)
  2 ufetubi
  3 worms
  10 dart slugs
  83 orcs
  6 bats
  6 endoplasms
  5 giant cockroaches
  19 goblins
  15 hobgoblins
  5 jackals
  2 quokkas
  5 ball pythons
  2 frilled lizards
  17 kobolds
  A rat (D:2)
785 creatures vanquished.

Vanquished Creatures (collateral kills)
  Dowan (D:7)
  A jelly (D:7)
2 creatures vanquished.

Vanquished Creatures (others)
  A reaper (IceCv)
  A minotaur (Gauntlet)
  2 hydras
  A two-headed ogre (D:11)
  A large abomination (Lair:5)
  A blink frog (Lair:5)
  A slime creature (D:15)
  A shadow (D:13)
  A water moccasin (Lair:2)
  An orc warrior (Orc:2)
  2 wolves
  A killer bee (D:6)
  An orc wizard (D:9)
  A gnoll (D:10)
  An adder (D:5)
  A shadow imp (D:6)
  2 bushes
  2 demonic plants (Gauntlet)
  34 fungi
  50 plants
106 creatures vanquished.

Grand Total: 893 creatures vanquished

Notes
Turn   | Place    | Note
-------+----------+-------------------------------------------
     0 | D:1      | freelancePsychic the Human Wanderer began the quest for the
                  | Orb.
     0 | D:1      | freelancePsychic set off with the following items: a +0
                  | hand axe, a wand of iceblast (2), a +0 buckler, a scroll of
                  | fear, a +0 leather armour.
     0 | D:1      | Reached XP level 1. HP: 15/15 MP: 1/1
   227 | D:1      | Reached XP level 2. HP: 21/21 MP: 2/2
   580 | D:1      | Reached skill level 2 in Axes
   762 | D:1      | Reached XP level 3. HP: 26/26 MP: 3/3
  1720 | D:2      | Reached skill level 3 in Axes
  1720 | D:2      | Reached XP level 4. HP: 16/33 MP: 4/4
  2171 | D:2      | Identified the +8 whip of Diet Blood {flame, rF+ Str-3
                  | Dex+4 SInv}
  2411 | D:3      | Reached skill level 1 in Maces & Flails
  2411 | D:3      | Reached XP level 5. HP: 38/38 MP: 5/5
  2805 | D:3      | Noticed Sigmund
  2981 | D:4      | Noticed an ice beast
  2991 | D:4      | Killed an ice beast
  2992 | D:4      | Reached XP level 6. HP: 28/44 MP: 6/6
  3205 | D:4      | Reached skill level 5 in Maces & Flails
  3205 | D:4      | Reached XP level 7. HP: 49/49 MP: 7/7
  3619 | D:5      | Entered Level 5 of the Dungeon
  3729 | D:5      | Reached skill level 1 in Throwing
  4264 | D:6      | Noticed a steam dragon
  4282 | D:5      | Killed a steam dragon
  4595 | D:6      | Reached XP level 8. HP: 54/57 MP: 8/8
  4687 | D:6      | Found Imoylo's General Store.
  5379 | D:6      | Found a sparkling altar of Nemelex Xobeh.
  5401 | D:6      | Reached XP level 9. HP: 61/65 MP: 9/9
  5564 | D:7      | Noticed Dowan
  5567 | D:7      | Noticed Duvessa
  5577 | D:7      | Killed Dowan
  5970 | D:7      | Identified the ring of Loafieli {+Blink rF+ Int+3 Dex-5}
  6136 | D:7      | Reached skill level 5 in Fighting
  6301 | D:7      | Killed Duvessa
  6433 | D:7      | Found a staircase to the Ecumenical Temple.
  6508 | D:7      | Found a shimmering blue altar of Sif Muna.
  6656 | D:3      | Killed Sigmund
  6886 | D:8      | Noticed Maggie
  7108 | D:8      | Found Nufaerocw's Weapon Emporium.
  7159 | D:8      | Found a sacrificial altar of Ru.
  7168 | D:8      | Noticed Joseph
  7178 | D:8      | Killed Joseph
  7180 | D:8      | Killed Maggie
  7181 | D:8      | Reached XP level 10. HP: 36/76 MP: 10/10
  7309 | D:8      | Became a worshipper of Ru the Awakened
  7384 | D:8      | Reached skill level 10 in Maces & Flails
  7665 | D:8      | Noticed Psyche
  7679 | D:8      | Killed Psyche
  8002 | D:8      | Found a stormy altar of Qazlal.
  8012 | D:8      | Identified the +7 trident of Woil {antimagic, Fly Will-
                  | Int+3}
  8292 | D:8      | Found a staircase to the Lair.
  8308 | D:9      | Found a flagged portal.
  8315 | Bailey   | Entered a bailey
  8745 | Bailey   | Reached XP level 11. HP: 79/84 MP: 11/11
  8804 | Bailey   | Noticed an orc warlord
  8806 | Bailey   | Gained mutation: You cannot study or use magical devices.
                  | [Ru sacrifice]
  8806 | Bailey   | Reached * piety under Ru
  8806 | Bailey   | Reached ** piety under Ru
  8827 | Bailey   | Killed an orc warlord
  8828 | Bailey   | Reached skill level 4 in Axes
  9105 | Bailey   | Acquired the +8 chain mail of a wizard's laboratory
                  | {Rampage}
  9161 | D:9      | Found Qytyac's Jewellery Shoppe.
  9294 | D:9      | Reached skill level 5 in Axes
  9404 | D:9      | Found a basalt altar of Yredelemnul.
  9492 | D:9      | Noticed a two-headed ogre
  9530 | D:9      | Reached skill level 6 in Axes
  9540 | D:9      | Killed a two-headed ogre
  9922 | D:9      | Noticed a two-headed ogre
  9933 | D:9      | Killed a two-headed ogre
  9934 | D:9      | Reached skill level 7 in Axes
 10079 | D:9      | Found a hazy altar of Hepliaklqana.
 10233 | D:9      | Found a glowing golden altar of the Shining One.
 10362 | D:9      | Noticed a death knight
 10387 | D:10     | Entered Level 10 of the Dungeon
 10435 | D:10     | Noticed a two-headed ogre
 10448 | D:10     | Killed a two-headed ogre
 10715 | D:10     | Found a shimmering altar of Xom.
 10715 | D:10     | Found a hide-covered altar of Uskayaw.
 10736 | D:10     | Reached skill level 8 in Axes
 10921 | D:10     | Reached XP level 12. HP: 53/95 MP: 12/12
 11173 | D:10     | Found a shadowy altar of Dithmenos.
 11203 | D:10     | Found a staircase to the Orcish Mines.
 11221 | D:10     | Gained mutation: You are sensitive to extremes of
                  | temperature. (rF-, rC-) [Ru sacrifice]
 11221 | D:10     | Reached *** piety under Ru
 11221 | D:10     | Reached **** piety under Ru
 11245 | D:10     | Found a blossoming altar of Fedhas.
 11361 | D:11     | Noticed a soul eater
 11363 | D:11     | Reached skill level 9 in Axes
 11545 | D:11     | Noticed a fire dragon
 11736 | Lair:1   | Entered Level 1 of the Lair of Beasts
 12017 | Lair:1   | Found a snail-covered altar of Cheibriados.
 12642 | Lair:2   | Reached skill level 10 in Axes
 12781 | Lair:2   | Reached skill level 10 in Fighting
 13188 | Lair:2   | Gained mutation: You cannot be stealthy. [Ru sacrifice]
 13188 | Lair:2   | Reached ***** piety under Ru
 13199 | Lair:2   | Reached skill level 5 in Throwing
 13205 | Lair:2   | Reached XP level 13. HP: 93/103 MP: 13/13
 13259 | Lair:2   | Found a hole to the Spider Nest.
 13475 | Lair:2   | Reached skill level 11 in Axes
 14704 | Lair:3   | Noticed Kirke
 14727 | Lair:3   | Killed Kirke
 15055 | Lair:3   | Reached skill level 12 in Axes
 15168 | Lair:3   | Found a staircase to the Swamp.
 15335 | Lair:4   | Gained mutation: You cannot study or cast Poison magic. [Ru
                  | sacrifice]
 15335 | Lair:4   | Gained mutation: You cannot study or cast Hexes magic. [Ru
                  | sacrifice]
 15335 | Lair:4   | Gained mutation: You cannot study or cast Conjurations
                  | magic. [Ru sacrifice]
 15338 | Lair:4   | Noticed a four-headed hydra
 15346 | Lair:4   | Killed a five-headed hydra
 15504 | Lair:4   | Got Huast's Quarto of the Icy Excursion
 15808 | Lair:4   | Found a staircase to the Slime Pits.
 15809 | Lair:4   | Found a viscous altar of Jiyva.
 16330 | Lair:5   | Entered Level 5 of the Lair of Beasts
 16450 | Lair:5   | Reached skill level 13 in Axes
 16586 | Lair:5   | Reached XP level 14. HP: 90/113 MP: 14/14
 17120 | Lair:5   | Reached skill level 14 in Axes
 17630 | Lair:5   | Gained mutation: You are hated by all. [Ru sacrifice]
 17630 | Lair:5   | Reached ****** piety under Ru
 17850 | Lair:5   | Reached skill level 15 in Axes
 17854 | Lair:5   | Found a corrupted altar of Lugonu.
 17854 | Lair:5   | Found a one-way gate to the infinite horrors of the Abyss.
 18821 | Orc:1    | Entered Level 1 of the Orcish Mines
 18821 | Orc:1    | Noticed an orc warlord
 18837 | Orc:1    | Killed an orc warlord
 18838 | Orc:1    | Reached skill level 16 in Axes
 18838 | Orc:1    | Reached XP level 15. HP: 93/115 MP: 8/15
 18887 | Orc:1    | Found a frozen archway.
 19082 | IceCv    | Entered an ice cave
 20181 | IceCv    | Noticed a reaper
 20190 | IceCv    | Killed a reaper
 20191 | IceCv    | Reached skill level 1 in Armour
 20597 | Orc:2    | Entered Level 2 of the Orcish Mines
 20817 | Orc:2    | Reached skill level 5 in Shields
 21424 | Orc:2    | Found Fusiker's Magic Scroll Boutique.
 21426 | Orc:2    | Found Oskidacwu's General Store.
 21545 | Orc:2    | Bought a scroll of blinking for 97 gold pieces
 21949 | Orc:2    | Found a staircase to the Elven Halls.
 22536 | Orc:2    | Found Xukarig's Book Emporium.
 22536 | Orc:2    | Found Raeruk's Antique Weapon Shoppe.
 22537 | Orc:2    | Found a one-way gate leading to the halls of Pandemonium.
 22652 | Orc:2    | Bought a potion of heal wounds for 75 gold pieces
 22652 | Orc:2    | Bought a potion of curing for 45 gold pieces
 22652 | Orc:2    | Bought a +1 cloak of stealth for 247 gold pieces
 22652 | Orc:2    | Bought a scroll of enchant weapon for 112 gold pieces
 22679 | Orc:2    | Bought a scroll of magic mapping for 97 gold pieces
 22679 | Orc:2    | Bought a scroll of enchant weapon for 97 gold pieces
 22679 | Orc:2    | Bought a scroll of identify for 26 gold pieces
 22679 | Orc:2    | Bought a scroll of identify for 26 gold pieces
 22679 | Orc:2    | Bought 3 scrolls of identify for 78 gold pieces
 22679 | Orc:2    | Bought a scroll of identify for 26 gold pieces
 22684 | Orc:2    | Reached XP level 16. HP: 125/125 MP: 16/16
 22937 | D:11     | Acquired the +3 pair of seven-league boots {Rampage+∞}
 22937 | D:11     | Found the +3 pair of seven-league boots {Rampage+∞}
 23275 | D:11     | Reached XP level 17. HP: 123/126 MP: 17/17
 23291 | D:12     | Noticed Erolcha
 23310 | D:12     | Found a gate leading to a gauntlet.
 23316 | Gauntlet | Entered a Gauntlet
 23316 | Gauntlet | Found a transporter.
 23325 | Gauntlet | Found a transporter.
 23340 | Gauntlet | Found a transporter.
 23345 | Gauntlet | Found a transporter.
 23360 | Gauntlet | Found a transporter.
 23379 | Gauntlet | Found a transporter.
 23391 | Gauntlet | Found a transporter.
 23403 | Gauntlet | Found a transporter.
 23415 | Gauntlet | Found a transporter.
 23427 | Gauntlet | Found a transporter.
 23444 | Gauntlet | Found a transporter.
 23462 | Gauntlet | Found a transporter.
 23464 | Gauntlet | Found a transporter.
 23489 | Gauntlet | Found a transporter.
 23491 | Gauntlet | Found a transporter.
 23511 | Gauntlet | Found a transporter.
 23589 | Gauntlet | Found a transporter.
 23682 | Gauntlet | Found a transporter.
 23768 | Gauntlet | Identified the amulet "Xashos" {Reflect Will+ SH+5}
 23847 | Gauntlet | Identified the +1 dire flail of Courage {drain, rC++ Dex-5}
 23866 | Gauntlet | Identified the +6 dagger of Woddao Niqo {venom, rPois rC+}
 24004 | D:12     | Killed Erolcha
 24005 | D:12     | Reached skill level 10 in Shields
 24239 | D:12     | Found a bloodstained altar of Trog.
 24842 | D:12     | Identified the +7 ring mail "Ropot" {Int+2}
 25277 | D:13     | Acquired 759 gold pieces
 25954 | D:14     | Noticed Frances
 25962 | D:14     | Killed Frances
 26078 | D:14     | Reached skill level 5 in Armour
 26342 | D:14     | Found a gate to the Vaults.
 26498 | D:14     | Noticed Snorg
 26500 | D:14     | Killed Snorg
 27222 | D:15     | Entered Level 15 of the Dungeon
 27496 | D:15     | Found a staircase to the Depths.
 29023 | Swamp:1  | Entered Level 1 of the Swamp
 29065 | Swamp:1  | Paralysed by a hornet for 3 turns
 29068 | Swamp:1  | HP: 1/124 [tyrant leech[a spriggan druid] (7)]
 29069 | Swamp:1  | Succumbed to a hornet's poison

Illustrated notes

Levels and vault maps discovered:
D:1:      kilobyte_arrival_exit_the_forest, layout_basic, minmay_pentomino_q4
D:2:      layout_basic
D:3:      layout_basic, uniq_sigmund
D:4:      layout_loops_cross
D:5:      cheibrodos_iron_armory, layout_loops_ring
D:6:      kennysheep_slugbush, layout_rooms, nemelex_diamond_rough_becter,
          serial_shops, nicolae_shop_trees
D:7:      layout_rooms, led_sif_pool, minmay_temple_entry_proselytizer,
          eino_tiny_chamber, uniq_duvessa
D:8:      kennysheep_six_static_rooms, layout_basic, lemuel_doored_altar,
          grunt_qazlal_clouds, serial_shops, shop_statue, uniq_joseph,
          uniq_maggie, uniq_psyche
D:9:      minmay_the_grid_triangle_9x9_rhombus_thin
          [minmay_the_grid_triangle_9x9_windchime,
          minmay_the_grid_triangle_9x9_prize_top_heavy,
          minmay_the_grid_triangle_9x9_negative_grid,
          minmay_the_grid_triangle_9x9_corruption], layout_loops_ring,
          mainiacjoe_overflow_cross_hatched, nicolae_overflow_crystal_walls,
          mainiacjoe_overflow_alcove_4, serial_shops,
          nicolae_shop_advertising_works [nicolae_subvault_shop_adworks],
          enter_bailey_1
D:10:     layout_cross, grunt_dithmenos_shadows, fedhas_ov_isle_minmay,
          mainiacjoe_overflow_divided_tiny
D:11:     layout_rooms
D:12:     nicolae_cairo_tiling, layout_loops_corners, gauntlet_entry_generic,
          trog_three_pillars_becter, uniq_erolcha
D:13:     layout_small_grid
D:14:     layout_cave_pods, hangedman_vaults_entry_quadrant_bands,
          hangedman_decor_slide_cut, uniq_snorg, uniq_frances
D:15:     grunt_enter_depths_hoard, layout_basic,
          hangedman_abyss_or_decor_slice, uniq_rupert
Lair:1:   layout_gridlike, kennysheep_snail_temple
Lair:2:   layout_chaotic_city, spider_nest_entry_rubble
Lair:3:   layout_cellular_growth, nicolae_swamp_entry_splash_gauntlet,
          grunt_megastairs_1, uniq_kirke
Lair:4:   layout_gridlike, slime_entry_1, minmay_holes
Lair:5:   hellmonk_lair_end_abyssal_woods, layout_cave_pods
Swamp:1:  layout_falls_marsh, nicolae_swamp_triple_paths,
          infiniplex_staircase_pool
Orc:1:    layout_caves, portal_ice_cave_entry_animals_and_master
Orc:2:    pf_orc_diabolical, layout_caves

Skill      XL: |  1  2  3  4  5  6  7  8  9 10 11 12 13 14 15 16 17 |
---------------+----------------------------------------------------+-----
Axes           | 2 3 8 10 13 16 | 16.7
Maces & Flails | 1 3 5 6 7 9 11 | 11.3
Fighting       | 2 4 5 7 9 10 11 12 13 14 | 14.6
Throwing       | 2 3 5 7 |  7.9
Evocations     | 7 8 0 |  0.0
Shields        | 4 9 12 | 12.5
Armour         | 3 6 |  6.5
Dodging        | |  1.0

Action                   |  1- 3 |  4- 6 |  7- 9 | 10-12 | 13-15 | 16-18 || total
-------------------------+-------+-------+-------+-------+-------+-------++-------
Melee: Hand axe          |   105 |    11 |       |       |       |       ||   116
       Whip              |       |    74 |   241 |   229 |       |       ||   544
       Broad axe         |       |       |       |   335 |   833 |   436 ||  1604
       Unarmed           |       |       |       |       |     2 |       ||     2
Throw: Boomerang         |       |       |       |    22 |    35 |    23 ||    80
       Dart              |       |       |       |     1 |     5 |       ||     6
       Javelin           |       |       |       |       |     5 |       ||     5
Invok: Sacrifice Artific |       |       |       |     1 |       |       ||     1
       Draw Out Power    |       |       |       |     3 |     3 |       ||     6
       Sacrifice Stealth |       |       |       |     1 |       |       ||     1
       Sacrifice Resista |       |       |       |     1 |       |       ||     1
       Apocalypse        |       |       |       |       |    10 |     6 ||    16
       Sacrifice Arcana  |       |       |       |       |     1 |       ||     1
       Sacrifice Love    |       |       |       |       |     1 |       ||     1
Evoke: Wand              |     2 |       |    14 |       |       |       ||    16
  Use: Scroll            |       |     5 |    12 |    14 |    12 |    10 ||    53
       Potion            |       |       |     2 |     3 |     4 |       ||     9
 Stab: Sleeping          |       |     1 |     1 |       |       |       ||     2
       Invisible         |       |       |     9 |     8 |     4 |       ||    21
       Distracted        |       |       |       |     2 |     6 |     1 ||     9
       Paralysed         |       |       |       |       |    15 |    15 ||    30
Armor: Leather armour    |    15 |     9 |     8 |       |       |       ||    32
       Ring mail         |       |       |    24 |    24 |    75 |       ||   123
       Scale mail        |       |       |     5 |       |       |       ||     5
       Chain mail        |       |       |       |   245 |   277 |   168 ||   690
Dodge: Dodged            |    59 |    64 |   153 |   324 |   306 |    91 ||   997
Block: Buckler           |    15 |    15 |    53 |    65 |     3 |       ||   151
       Kite shield       |       |       |       |   115 |   214 |       ||   329
       Tower shield      |       |       |       |       |   164 |   376 ||   540
       Reflection        |       |       |       |       |       |    25 ||    25

Table legend: (Time is in decaauts)
 A = Elapsed time spent in this place.
 B = Non-inter-level travel time spent in this place.
 C = Inter-level travel time spent in this place.
 D = Time resting spent in this place.
 E = Time spent auto-exploring this place.
 F = Levels seen in this place.
 G = Mean time per level.
                   A        B        C        D        E       F      G
               +--------+--------+--------+--------+--------+-----+--------+
         Total |  29083 |  27457 |   1626 |   1527 |  20844 |  26 | 1118.6 |
       Dungeon |  16438 |  15224 |   1214 |    777 |  11889 |  15 | 1095.9 |
          Lair |   7252 |   6932 |    320 |    161 |   5617 |   5 | 1450.4 |
         Swamp |     45 |     45 |      0 |      0 |     10 |   1 |   45.0 |
  Orcish Mines |   2593 |   2502 |     91 |    292 |   1677 |   2 | 1296.5 |
        Bailey |    783 |    783 |      0 |    156 |    392 |   1 |  783.0 |
      Ice Cave |   1302 |   1302 |      0 |    141 |    835 |   1 | 1302.0 |
      Gauntlet |    667 |    667 |      0 |      0 |    423 |   1 |  667.0 |
               +--------+--------+--------+--------+--------+-----+--------+

Top non-repeatable levels by time:
  Lair:5: 2395 daAuts
   Orc:2: 1951 daAuts
    D:15: 1555 daAuts
  Lair:3: 1538 daAuts
     D:1: 1525 daAuts
    D:14: 1353 daAuts
     D:9: 1306 daAuts
   IceCv: 1302 daAuts
     D:6: 1289 daAuts
     D:8: 1228 daAuts
  Lair:4: 1167 daAuts
    D:10: 1165 daAuts
  Lair:1: 1080 daAuts
  Lair:2: 1070 daAuts
    D:12: 1054 daAuts
